 Dungeon Crawl Stone Soup version 0.30-a0-591-g3c58d2bc28 (webtiles) character file.

Game seed: 18307853782669485478

15438 sokol815 the Martial Artist (level 12, 0/83 HPs)
             Began as a Demonspawn Monk on Jan 5, 2023.
             Was a High Priest of Makhleb.
             Killed by divine providence
             ... invoked by an orc priest
              (14 damage)
             ... on level 2 of the Orcish Mines.
             The game lasted 00:28:36 (10255 turns).

sokol815 the Martial Artist (Demonspawn Monk)      Turns: 10255, Time: 00:28:37

Health: 0/83       AC: 11    Str: 14    XL:     12   Next: 1%
Magic:  18/18      EV: 15    Int: 15    God:    Makhleb [*****.]
Gold:   1757       SH:  0    Dex: 15    Spells: 6/11 levels left

rFire   . . .      SeeInvis .      - Unarmed
rCold   + . .      Faith    .    (no shield)
rNeg    . . .      Spirit   .    b - +2 scale mail {rC+}
rPois   .          Reflect  .    m - +1 hat
rElec   .          Harm     .    (no cloak)
rCorr   .          Rampage  .    (gloves unavailable)
Will    .....                    k - +0 pair of boots
Stlth   +                        B - amulet of regeneration
HPRegen 1.13/turn                n - ring of flight {+Fly, !d}
MPRegen 0.16/turn                V - +5 ring of evasion

@: spiked, flying
A: horns 2, weakness stinger 2, demonic touch 3
a: Renounce Religion, Minor Destruction, Lesser Servant of Makhleb, Major
Destruction, Greater Servant of Makhleb


You were on level 2 of the Orcish Mines.
You worshipped Makhleb.
Makhleb was extremely pleased with you.
You visited 3 branches of the dungeon, and saw 13 of its levels.

You collected 1757 gold pieces.

Inventory:

Hand Weapons
 a - the +7 whip of Conversion {heavy, rElec Int+4}
   (You found it on level 2 of the Dungeon)

   Int:       It affects your intelligence (+4).
   rElec:     It insulates you from electricity.
 f - a +1 heavy hand axe
 r - a +2 vampiric dagger
   (You took it off an orc on level 4 of the Dungeon)
 x - a +1 whip of electrocution
   (You took it off a gnoll on level 8 of the Dungeon)
 C - a +1 war axe of freezing
   (You took it off an orc on level 7 of the Dungeon)
 I - the +3 Elemental Staff {rElec rF++ rC++ AC+5}
   (You took it off a deep elf pyromancer on level 8 of the Dungeon)

   If the wielder is skilled in Evocations, they can discharge powerful blasts
   of elemental energy when striking with it.
   It enhances your fire, ice, earth and air magic.
   AC:        It affects your AC (+5).
   rF:        It greatly protects you from fire.
   rC:        It greatly protects you from cold.
   rElec:     It insulates you from electricity.
 R - a +1 dagger of speed
   (You took it off an orc wizard on level 9 of the Dungeon)
 S - the +5 trident of Floods {antimagic, Will+}
   (You found it on level 9 of the Dungeon)

   Will:      It increases your willpower.
 W - a +1 dagger of draining
   (You took it off a goblin on level 1 of the Dungeon)
Missiles
 h - 2 throwing nets {!d}
 i - 38 poisoned darts
 s - 34 stones
 u - 21 boomerangs
 v - a curare-tipped dart
 z - 3 boomerangs of dispersal {=f}
 Z - 5 javelins
Armour
 b - a +2 scale mail of cold resistance (worn)
   (You took it off Urug on level 1 of the Orcish Mines)
 d - a +0 ring mail
   (You found it on level 2 of the Dungeon)
 k - a +0 pair of boots (worn)
   (You found it on level 3 of the Dungeon)
 m - a +1 hat (worn)
   (You found it on level 1 of the Dungeon)
 A - the +2 ring mail of the Arcadian God {rN+ Str+9 Int-4}
   (You found it on level 6 of the Dungeon)

   Str:       It affects your strength (+9).
   Int:       It affects your intelligence (-4).
   rN:        It protects you from negative energy.
Jewellery
 l - an amulet of faith
   (You found it on level 3 of the Dungeon)
 n - a ring of flight (left hand) {+Fly, !d}
   (You found it on level 1 of the Dungeon)
 B - an amulet of regeneration (around neck)
   (You found it on level 6 of the Dungeon)
 V - a +5 ring of evasion (right hand)
   (You found it on level 2 of the Dungeon)
Wands
 j - a wand of polymorph (6)
   (You found it on level 10 of the Dungeon)
 p - a wand of paralysis (26)
   (You found it on level 5 of the Dungeon)
 q - a wand of flame (15)
   (You found it on level 9 of the Dungeon)
 w - a wand of roots (4)
   (You found it on level 5 of the Dungeon)
Scrolls
 o - a scroll of brand weapon
 t - 3 scrolls of amnesia
 y - 2 scrolls of fog
 E - a scroll of fear
 F - 3 scrolls of enchant weapon
 G - a scroll of identify {@r1}
 K - a scroll of immolation {!r}
 O - a scroll of silence
 X - 2 scrolls of magic mapping {@r4!r}
 Y - 5 scrolls of teleportation {@r3}
Potions
 c - 5 potions of attraction {!q}
 e - a potion of experience {unknown}
 g - 2 potions of brilliance {unknown}
 H - a potion of haste
 J - 2 potions of curing {@q1}
 L - 3 potions of flight
 M - 5 potions of might
 P - a potion of lignification {!q}
 Q - a potion of magic
 U - 2 potions of mutation {!q}


   Skills:
 + Level 4.1 Fighting
 - Level 3.2 Axes
 + Level 4.9 Armour
 - Level 2.6 Dodging
 - Level 1.7 Stealth
 + Level 12.5 Unarmed Combat
 * Level 9.7 Transmutations
 + Level 8.9 Invocations


You had 6 spell levels left.
You knew the following spells:

 Your Spells              Type           Power      Damage    Failure   Level
x - Blade Hands           Tmut           14%        N/A       47%         5

Your spell library contained the following spells:

 Spells                   Type           Power      Damage    Failure   Level
 Cigotuvi's Dreadful Rot  Necr/Pois/Air  0%         N/A       83%         2
 Poisonous Vapours        Pois/Air       0%         N/A       83%         2
 Mephitic Cloud           Conj/Pois/Air  0%         N/A       97%         3
 Portal Projectile        Hex/Tloc       0%         N/A       97%         3
 Tukima's Dance           Hex            0%         N/A       97%         3
 Malign Gateway           Summ/Tloc      0%         N/A       100%        7
 Summon Horrible Things   Summ           0%         N/A       100%        8


Dungeon Overview and Level Annotations

Branches:
Dungeon (10/15) Zot: 25982  Temple (1/1) D:4 Zot: 5911    Lair (0/5) D:10
    Orc (2/2) D:10 Zot: 10447     Elf (0/3) Orc:2

Altars:
Ashenzari
Cheibriados
Dithmenos
Fedhas
Gozag
Hepliaklqana
Kikubaaqudgha
Makhleb
Nemelex Xobeh
Okawaru
Qazlal
Ru
Sif Muna
Trog
Uskayaw
Vehumet
Wu Jian
Xom
Yredelemnul

Shops:
D:6 *   D:9 [   Orc:1 =   Orc:2 *(

Annotations:
D:8 1 exclusion
D:9 2 transporters, jejorda2's ghost, novice MfBe


Innate Abilities, Weirdness & Mutations

You have a pair of horns on your head.
You have a tail ending in a sharp stinger.
Your touch may irresistibly damage your foes and sap their willpower.


Message History

An orc warrior is nearby!
You barely miss the orc warrior. You headbutt the orc warrior.
You tail-slap the orc warrior. You hit the orc warrior.
Your tail-slap misses the orc warrior.
You touch the orc warrior!
You sap its willpower!
Your punch misses the orc warrior. The orc warrior closely misses you.
You punch the orc warrior!
You kill the orc warrior!
Makhleb accepts your kill.
You feel better.
You regained 3 hp, and now have 76/83 hp.
No target in view!
You now have 1757 gold pieces (gained 12).
Things that are here:
a +0 flail; a +0 scale mail; an orc corpse
u - 21 boomerangs (gained 3)
Things that are here:
a +0 glaive; a +0 plate armour; an orc corpse An orc comes into view.
It is wielding a +0 short sword.
A red devil comes into view.
It is wielding a +2 trident of protection.
Health restored: 83 An orc comes into view.
It is wielding a +0 short sword.
The orc shouts!
You hear a shout! x3
An orc warrior comes into view. It is wielding a +0 flail.
The orc warrior shouts!
You hear a shout!
The red devil hits you but does no damage.
Found Kupp's General Store.
The red devil closely misses you.
You hit the red devil.
You headbutt the red devil, but do no damage.
Your tail-slap misses the red devil.
You touch the red devil!
You sap its willpower!
The red devil hits you with a +2 trident of protection!
Barbed spikes become lodged in your body.
An orc warrior comes into view. It is wielding a +0 long sword.
The orc completely misses you.
You take 13 damage, and have 70/83 hp.
You closely miss the red devil.
You headbutt the red devil, but do no damage.
The orc barely misses you.
The red devil hits you with a +2 trident of protection!
Barbed spikes become lodged in your body.
An orc priest comes into view. It is wielding a +0 dagger.
An orc comes into view. It is wielding a +0 club.
You take 14 damage, and have 56/83 hp.
You barely miss the red devil.
The orc shouts!
You headbutt the red devil, but do no damage.
Your tail-slap misses the red devil.
You hear a shout! x2
The orc priest calls down the wrath of Beogh upon you.
Beogh smites you!
The red devil hits you with a +2 trident of protection.
Barbed spikes become lodged in your body.
You take 17 damage, and have 39/83 hp.
MASSIVE DAMAGE!!
You closely miss the red devil.
You headbutt the red devil, but do no damage.
You closely miss the red devil. Your touch misses the red devil.
The orc priest invokes the aid of Beogh against you.
Beogh smites you!
The red devil hits you with a +2 trident of protection!
* * * LOW HITPOINT WARNING * * *
Barbed spikes become lodged in your body.
An orc comes into view. It is wielding a +0 short sword.
The orc misses you.
You take 23 damage, and have 17/83 hp.
MASSIVE DAMAGE!!
Here: a red devil, wielding a +2 trident of protection (heavily wounded, weak-willed)
The floor, spattered with blood.
Unknown command.
You barely miss the red devil.
Your tail-slap misses the red devil.
The red devil barely misses you.
You barely miss the red devil. Your headbutt misses the red devil.
You touch the red devil!
You sap its willpower!
The orc closely misses you.
The red devil hits you with a +2 trident of protection!
* * * LOW HITPOINT WARNING * * *
Barbed spikes become lodged in your body.
You take 13 damage, and have 5/83 hp.
Unknown command.
The barbs in your skin will harm you if you move.
Continue?
Okay, then.
Unknown command.
Really read
D - a scroll of blinking {!r}?
Blink to where?
As you read the scroll of blinking {!r}, it crumbles to dust.
A demon appears!
You take 3 damage, and have 3/83 hp.
You don't have enough health at the moment.
You feel much better.
You regained 26 hp, and now have 29/83 hp.
A demon appears!
You take 3 damage, and have 26/83 hp.
A demon appears!
Your neqoxec hits the orc warrior but does no damage.
You take 3 damage, and have 23/83 hp.
The orc warrior hits you with a +0 flail!
* * * LOW HITPOINT WARNING * * *
The orc priest calls down the wrath of Beogh upon you.
Beogh smites you!
You die...

##..o ##.o# ##.o#
##.o## ##..##
####oo## ###...4## #
##...3o##
##.##...4@##
##.....).3##
#...##))#..##
##......#...#
##..##.###.##
#.....##.#######
##........###..##
##..............##
##.#.#............##


You could see a red devil, 2 orc warriors, an orc priest, 3 orcs, a friendly
hellwing (summoned), a friendly neqoxec (summoned) and a friendly ynoxinul
(summoned).

Vanquished Creatures
  Harold (Orc:1)
  An ogre mage (Orc:2)
  A two-headed ogre (D:9)
  A sixfirhy (Orc:1)
  An orc knight (Orc:1)
  2 orc sorcerers
  A cyclops (Orc:1)
  A rime drake (D:8)
  2 ice devils (D:8)
  4 trolls
  A shadow (D:10)
  2 wraiths
  5 yaks (D:10)
  A steam dragon (D:8)
  A basilisk (D:8)
  A fire elemental (D:8)
  A two-headed ogre zombie (D:10)
  A water moccasin (D:8)
  11 orc warriors
  A black bear (D:7)
  3 sky beasts
  9 ogres
  2 phantoms
  4 kobold brigands
  2 bullfrogs
  A necrophage (D:6)
  5 scorpions
  11 wights
  A troll zombie (D:10)
  6 electric eels (D:7)
  A howler monkey (D:9)
  8 hounds
  16 orc priests
  4 jellies
  3 gnoll boudas (D:8)
  3 iguanas
  Natasha (twice) (D:4)
  12 orc wizards
  6 ogre zombies (D:10)
  9 gnolls
  4 adders
  A white imp (D:6)
  2 ufetubi
  A worm (D:2)
  54 orcs
  3 ball pythons
  7 bats
  6 endoplasms
  5 giant cockroaches
  10 goblins
  9 hobgoblins
  A quokka (D:5)
  3 frilled lizards
  A goblin skeleton (D:10)
  3 goblin zombies (D:10)
  2 hobgoblin skeletons (D:10)
  3 hobgoblin zombies (D:10)
  18 kobolds
  16 orc zombies (D:10)
  5 rats
302 creatures vanquished.

Vanquished Creatures (collateral kills)
  A two-headed ogre (D:9)
  Urug (Orc:1)
  A deep elf pyromancer (D:8)
  A rime drake (D:8)
  A wyvern (D:9)
  A warg (Orc:1)
  2 orc warriors (Orc:1)
  An ogre (Orc:1)
  A bullfrog (D:9)
  2 orc priests (Orc:1)
  An orc wizard (Orc:1)
  3 orcs
16 creatures vanquished.

Vanquished Creatures (others)
  4 plants
4 creatures vanquished.

Grand Total: 322 creatures vanquished

Notes
Turn   | Place    | Note
-------+----------+-------------------------------------------
     0 | D:1      | sokol815 the Demonspawn Monk began the quest for the Orb.
     0 | D:1      | Reached XP level 1. HP: 18/18 MP: 1/1
   114 | D:1      | Reached skill level 3 in Axes
   197 | D:1      | Discovered your monstrous ancestry.
   197 | D:1      | Gained mutation: You have a pair of small horns on your
                  | head. [demonic ancestry]
   197 | D:1      | Reached XP level 2. HP: 24/24 MP: 2/2
   733 | D:1      | Reached skill level 1 in Unarmed Combat
   982 | D:2      | Reached XP level 3. HP: 19/29 MP: 3/3
  1185 | D:2      | Reached skill level 2 in Unarmed Combat
  1321 | D:2      | Identified the +7 whip of Conversion {heavy, rElec Int+4}
  2187 | D:3      | Reached XP level 4. HP: 35/35 MP: 4/4
  2536 | D:4      | Reached skill level 3 in Unarmed Combat
  2769 | D:4      | Found a staircase to the Ecumenical Temple.
  2777 | Temple   | Entered the Ecumenical Temple
  2858 | Temple   | Became a worshipper of Makhleb the Destroyer
  2858 | Temple   | Reached * piety under Makhleb
  2858 | Temple   | Reached ** piety under Makhleb
  2907 | D:4      | HP: 6/35 [gnoll/+0 spear (3)]
  2908 | D:4      | HP: 2/35 [gnoll/+0 spear (4)]
  2909 | D:4      | Gained mutation: Your touch may inflict minor irresistible
                  | damage on your foes. [demonic ancestry]
  2909 | D:4      | Reached XP level 5. HP: 2/41 MP: 5/5
  2955 | D:3      | Reached skill level 4 in Unarmed Combat
  3074 | D:4      | Noticed Natasha
  3081 | D:4      | Killed Natasha
  3219 | D:4      | Reached skill level 5 in Unarmed Combat
  3330 | D:4      | Noticed Natasha
  3339 | D:4      | Killed Natasha
  3340 | D:4      | Gained mutation: Your touch may inflict irresistible damage
                  | on your foes. [demonic ancestry]
  3340 | D:4      | Reached XP level 6. HP: 47/47 MP: 6/6
  3366 | D:5      | Entered Level 5 of the Dungeon
  3588 | D:5      | Found a snail-covered altar of Cheibriados.
  3809 | D:5      | Reached skill level 6 in Unarmed Combat
  3995 | D:5      | Reached XP level 7. HP: 52/52 MP: 7/7
  4084 | D:6      | Reached skill level 7 in Unarmed Combat
  4192 | D:6      | Found an opulent altar of Gozag.
  4245 | D:6      | Reached skill level 8 in Unarmed Combat
  4420 | D:6      | Gained mutation: You have a pair of horns on your head.
                  | [demonic ancestry]
  4420 | D:6      | Reached XP level 8. HP: 55/58 MP: 8/8
  4485 | D:6      | Identified the +2 ring mail of the Arcadian God {rN+ Str+9
                  | Int-4}
  4495 | D:6      | Found a basalt altar of Yredelemnul.
  4556 | D:6      | Reached *** piety under Makhleb
  4710 | D:6      | Found a radiant altar of Vehumet.
  4711 | D:6      | Found Vatuomorch's Assorted Antiques.
  4898 | D:7      | Reached skill level 9 in Unarmed Combat
  4966 | D:7      | Reached skill level 10 in Unarmed Combat
  5390 | D:7      | Found a hide-covered altar of Uskayaw.
  5390 | D:7      | Found an iron altar of Okawaru.
  5600 | D:8      | Gained mutation: You have a small tail. [demonic ancestry]
  5600 | D:8      | Reached XP level 9. HP: 63/63 MP: 9/9
  5606 | D:8      | Learned a level 5 spell: Blade Hands
  5844 | D:8      | Noticed a rime drake
  5873 | D:8      | Reached skill level 1 in Transmutations
  5892 | D:8      | Noticed an ice devil
  5892 | D:8      | Noticed a deep elf pyromancer
  5902 | D:8      | Reached skill level 2 in Transmutations
  5960 | D:8      | Noticed a rime drake
  5961 | D:8      | Noticed an ice devil
  5976 | D:8      | HP: 14/63 [rime drake/icy flash freeze (24)]
  6024 | D:8      | Reached skill level 3 in Transmutations
  6111 | D:8      | Reached skill level 11 in Unarmed Combat
  6169 | D:8      | Reached **** piety under Makhleb
  6175 | D:8      | Reached skill level 4 in Transmutations
  6198 | D:8      | Reached skill level 1 in Invocations
  6215 | D:8      | Reached skill level 2 in Invocations
  6234 | D:8      | Reached skill level 3 in Invocations
  6470 | D:8      | Reached skill level 5 in Transmutations
  6470 | D:8      | Reached skill level 4 in Invocations
  6554 | D:8      | Killed an ice devil
  6559 | D:8      | Killed a deep elf pyromancer
  6560 | D:8      | Reached skill level 5 in Invocations
  6560 | D:8      | Gained mutation: You have a tail ending in a sharp stinger.
                  | [demonic ancestry]
  6560 | D:8      | Reached XP level 10. HP: 45/70 MP: 13/13
  6587 | D:8      | Reached skill level 6 in Transmutations
  6587 | D:8      | Reached skill level 6 in Invocations
  6830 | D:9      | Found Asajy's Armour Shoppe.
  6969 | D:9      | Found a transporter.
  6976 | D:9      | Found an ancient bone altar of Kikubaaqudgha.
  7043 | D:9      | Found a transporter.
  7045 | D:9      | Noticed jejorda2's ghost (novice MfBe)
  7071 | D:9      | Noticed a two-headed ogre
  7078 | D:9      | Noticed a two-headed ogre
  7080 | D:9      | Killed a two-headed ogre
  7081 | D:9      | Reached skill level 1 in Armour
  7086 | D:9      | Killed a two-headed ogre
  7087 | D:9      | Reached skill level 2 in Armour
  7087 | D:9      | Reached skill level 7 in Transmutations
  7338 | D:9      | HP: 7/64 [wight/+0 hand axe (10)]
  7338 | D:9      | HP: 3/62 [wight/+0 hand axe (4)]
  7486 | D:9      | Identified the +5 trident of Floods {antimagic, Will+}
  7628 | D:10     | Entered Level 10 of the Dungeon
  7651 | D:10     | Found a staircase to the Orcish Mines.
  7970 | D:10     | Reached skill level 3 in Armour
  7970 | D:10     | Reached XP level 11. HP: 72/74 MP: 16/16
  7987 | D:10     | Reached skill level 8 in Transmutations
  7987 | D:10     | Reached skill level 7 in Invocations
  8081 | D:10     | Reached skill level 12 in Unarmed Combat
  8148 | D:10     | Found a staircase to the Lair.
  8317 | D:10     | Reached ***** piety under Makhleb
  8592 | D:10     | Found a sacrificial altar of Ru.
  8664 | Orc:1    | Entered Level 1 of the Orcish Mines
  8730 | Orc:1    | HP: 11/75 [orc priest/divine providence (10)]
  8731 | Orc:1    | HP: 5/75 [warg (7)]
  8777 | Orc:1    | Found Ufapyshro's Jewellery Shop.
  8807 | Orc:1    | Noticed Urug
  8815 | Orc:1    | Killed Urug
  8920 | Orc:1    | Noticed Harold
  8930 | Orc:1    | Killed Harold
  8980 | Orc:1    | Reached skill level 4 in Armour
  9158 | Orc:1    | Reached skill level 8 in Invocations
  9281 | Orc:2    | Entered Level 2 of the Orcish Mines
  9281 | Orc:2    | Noticed an orc sorcerer
  9286 | Orc:1    | Paralysed by an orc sorcerer for 2 turns
  9288 | Orc:1    | Noticed a sixfirhy
  9291 | Orc:1    | Killed an orc sorcerer
  9292 | Orc:1    | Reached skill level 9 in Transmutations
  9497 | Orc:2    | Noticed an orc knight
  9505 | Orc:2    | Noticed a sixfirhy
  9510 | Orc:2    | HP: 14/75 [orc knight/+1 war axe (6)]
  9517 | Orc:2    | HP: 10/75 [orc knight/+1 war axe (11)]
  9526 | Orc:2    | HP: 17/75 [sixfirhy (4)]
  9534 | Orc:1    | Killed a sixfirhy
  9588 | Orc:1    | Killed an orc knight
  9667 | Orc:2    | Found Pujymp's Weapon Shoppe.
  9968 | Orc:2    | Noticed an ogre mage
  9982 | Orc:2    | Killed an ogre mage
  9983 | Orc:2    | Reached skill level 4 in Fighting
 10098 | Orc:2    | Found a staircase to the Elven Halls.
 10109 | Orc:2    | Noticed an orc sorcerer
 10116 | Orc:2    | Killed an orc sorcerer
 10217 | Orc:2    | Gained mutation: Your touch may irresistibly damage your
                  | foes and sap their willpower. [demonic ancestry]
 10217 | Orc:2    | Reached XP level 12. HP: 72/83 MP: 18/18
 10242 | Orc:2    | Found Kupp's General Store.
 10247 | Orc:2    | HP: 17/83 [red devil/+2 trident of protection (9)]
 10249 | Orc:2    | HP: 5/83 [red devil/+2 trident of protection (14)]
 10255 | Orc:2    | HP: 14/83 [orc warrior/+0 flail (10)]
 10255 | Orc:2    | Killed from afar by an orc priest

Illustrated notes

Levels and vault maps discovered:
D:1:      dpeg_arrival_three_bigger_balls, layout_basic
D:2:      layout_basic, chequers_mini_garden, minmay_tall_x
D:3:      layout_rooms
D:4:      layout_basic, minmay_temple_entry_crystal_x,
          small_statue_intersection, kennysheep_generic_room_11, uniq_natasha
D:5:      layout_loops_cross, mainiacjoe_overflow_alcove_2,
          serial_park_tiny_pond, minmay_misc_feat_secret_circle
D:6:      layout_cave_pools, kennysheep_mini, nicolae_vehumet_radiance,
          mainiacjoe_overflow_alcove_1, serial_shops, nicolae_lakefront_shop,
          st_stairs_6
D:7:      nicolae_BIG_FREAKIN_CUBE, layout_gridville,
          gammafunk_temple_overflow_elements, hangedman_glass_garden,
          serial_bayou_lake_a
D:8:      kennysheep_housing_project, layout_gridville,
          nicolae_elyvilon_temple_path, dilly_guarded_unrand_elemental_staff
D:9:      layout_gridville, kiku_gazebo_garden_becter, serial_shops,
          nicolae_inconvenience_store, gammafunk_ghost_hive
D:10:     layout_basic, nicolae_ru_path_of_blood,
          mainiacjoe_overflow_surrounded_room, lair_entry_dummy,
          zombieorc2_lemuel
Temple:   nicolae_temple_x_marks_the_god
Orc:1:    layout_caves, serial_shops, nicolae_shop_competitors_out_of_business,
          nicolae_orc_sculptors_studio, uniq_harold, uniq_urug
Orc:2:    pf_orc_diabolical, layout_caves, serial_shops,
          nicolae_shop_bloodbath_and_beyond, basic_altar, mines4_lemuel

Skill      XL: |  1  2  3  4  5  6  7  8  9 10 11 |
---------------+----------------------------------+-----
Axes           | 3 |  3.2
Unarmed Combat | 1 2 3 5 6 8 10 11 12 | 12.5
Transmutations | 5 7 9 |  9.7
Invocations    | 5 6 8 |  8.9
Armour         | 3 4 |  4.9
Fighting       | 4 |  4.1
Dodging        | |  2.6
Stealth        | |  1.7

Action                   |  1- 3 |  4- 6 |  7- 9 | 10-12 || total
-------------------------+-------+-------+-------+-------++-------
Melee: Hand axe          |    78 |       |       |       ||    78
       Headbutt          |    11 |    17 |    50 |   107 ||   185
       Whip              |    19 |   110 |    95 |       ||   224
       Touch             |       |     4 |    46 |    85 ||   135
       Punch             |       |     1 |    12 |    32 ||    45
       Unarmed           |       |       |   148 |   401 ||   549
       Tailslap          |       |       |    15 |    74 ||    89
Throw: Stone             |    16 |     2 |     1 |       ||    19
Invok: Lesser Servant of |       |       |     3 |    16 ||    19
  Use: Scroll            |    12 |     9 |     7 |     1 ||    29
       Potion            |       |     3 |     3 |     5 ||    11
 Stab: Sleeping          |     4 |     1 |     1 |       ||     6
       Distracted        |       |       |       |     1 ||     1
Armor: Leather armour    |    21 |       |       |       ||    21
       Robe              |     4 |       |       |       ||     4
       Ring mail         |    10 |    61 |    54 |    42 ||   167
       Scale mail        |       |       |       |    26 ||    26
Dodge: Dodged            |    64 |   136 |   176 |   258 ||   634
Block: Buckler           |     3 |    23 |       |       ||    26

Table legend: (Time is in decaauts)
 A = Elapsed time spent in this place.
 B = Non-inter-level travel time spent in this place.
 C = Inter-level travel time spent in this place.
 D = Time resting spent in this place.
 E = Time spent auto-exploring this place.
 F = Levels seen in this place.
 G = Mean time per level.
                   A        B        C        D        E       F      G
               +--------+--------+--------+--------+--------+-----+--------+
         Total |  10297 |   9873 |    424 |    473 |   7419 |  13 |  792.1 |
       Dungeon |   8657 |   8272 |    385 |    371 |   6313 |  10 |  865.7 |
        Temple |     88 |     62 |     26 |      0 |     57 |   1 |   88.0 |
  Orcish Mines |   1551 |   1538 |     13 |    102 |   1049 |   2 |  775.5 |
               +--------+--------+--------+--------+--------+-----+--------+

Top non-repeatable levels by time:
     D:8: 1236 daAuts
     D:2: 1124 daAuts
    D:10: 1018 daAuts
     D:1: 921 daAuts
     D:6: 845 daAuts
     D:9: 819 daAuts
   Orc:2: 806 daAuts
     D:4: 793 daAuts
   Orc:1: 745 daAuts
     D:7: 718 daAuts
     D:5: 673 daAuts
     D:3: 508 daAuts
  Temple: 88 daAuts

Table legend:
 A = Kills in this place as a percentage of kills in entire the game.
 B = Kills by you in this place as a percentage of kills by you in the entire game.
 C = Kills by friends in this place as a percentage of kills by friends in the entire game.
 D = Other kills in this place as a percentage of other kills in the entire game.
 E = Experience gained in this place as a percentage of experience gained in the entire game.
 F = Experience gained in this place divided by the number of levels of this place that you have seen.
                   A       B       C       D       E      F
               +-------+-------+-------+-------+-------+----------------------
         Total | 100.0 | 100.0 | 100.0 |   N/A | 100.0 | 1696.5
       Dungeon |  78.0 |  80.1 |  37.5 |   N/A |  58.2 | 1284.7
  Orcish Mines |  22.0 |  19.9 |  62.5 |   N/A |  41.8 | 4604.0
               +-------+-------+-------+-------+-------+----------------------
